[Event "Titled Tuesday Blitz June 20 Late 2023"]
[White "brm72"]
[Black "KorolDimitriy75"]
[WhiteElo "2552"]
[BlackElo "2424"]
[Result "0-1"]
[Round "10"]
[TimeControl "180+2"]
[Date "2023.06.20"]
[WhiteClock "0:00:50"]
[BlackClock "0:00:06"]
[Board "70"]

1. e4 c5 2. Nf3 d6 3. d4 cxd4 4. Nxd4 Nf6 5. Nc3 g6 6. f3 Bg7 7. Be3 O-O 8. Qd2 Nc6 9. O-O-O d5 10. Qe1 e5 11. Nxc6 bxc6 12. exd5 cxd5 13. Bg5 Be6 14. Bc4 h6 15. Bxf6 Qxf6 16. Bxd5 Rab8 17. Bb3 Rfc8 18. Kb1 e4 19. fxe4 Qe5 20. Rd3 a5 21. Qg3 Qxg3 22. Rxg3 Bxc3 23. Rxc3 Rxc3 24. bxc3 a4 25. Kb2 Kg7 26. e5 Bd5 27. Rg1 axb3 28. cxb3 Re8 29. c4 Ba8 30. Re1 Bxg2 31. b4 g5 32. a4 Kg6 33. b5 Kf5 34. Kc3 Rxe5 35. Rd1 g4 36. Kb4 Bf3 37. Rd8 h5 38. a5 h4 39. Rg8 Kf4 40. Rf8 f5 41. Rg8 g3 42. hxg3+ hxg3 43. a6 g2 44. b6 Bg4 45. b7 g1=Q 46. b8=Q Qc5+ 47. Ka4 Bd1+ 48. Qb3 Qxc4+ 0-1


[Site "https://www.chess.com"]

[Event "Titled Tuesday Blitz June 20 Late 2023"]
[White "Shapiro, Viktor"]
[Black "Carrasco Miranda, Andres"]
[WhiteFideId "4175700"]
[BlackFideId "3405990"]
[WhiteElo "2212"]
[BlackElo "2183"]
[Result "1-0"]
[Round "10"]
[TimeControl "180+2"]
[Date "2023.06.20"]
[WhiteClock "0:01:15"]
[BlackClock "0:00:05"]
[Board "71"]

1. Nf3 Nf6 2. g3 g6 3. Bg2 Bg7 4. O-O O-O 5. d3 d5 6. Nbd2 Nc6 7. c4 d4 8. a3 a5 9. Rb1 a4 10. b4 axb3 11. Qxb3 e5 12. Ng5 Nd7 13. Nde4 h6 14. Nf3 f5 15. Ned2 Kh7 16. Qc2 Qe7 17. Nb3 e4 18. Nfd2 Nf6 19. dxe4 fxe4 20. Nxe4 Bf5 21. Nbd2 Rae8 22. f3 Nxe4 23. Nxe4 b6 24. Rb5 d3 25. Qxd3 Nd4 26. Rd5 Bxe4 27. fxe4 Rxf1+ 28. Kxf1 c5 29. Bf4 g5 30. Bd6 Qf7+ 31. Kg1 Ra8 32. e5+ Kh8 33. Be4 Rf8 34. Bxf8 Qxf8 35. e3 Nf3+ 36. Bxf3 Qxf3 37. Rd8+ Bf8 38. e6 Kg7 39. Rd7+ 1-0


[Site "https://www.chess.com"]

[Event "Titled Tuesday Blitz June 20 Late 2023"]
[White "Ismayil, Malak"]
[Black "Ladan, Nicholas"]
[WhiteFideId "13412604"]
[BlackFideId "30918855"]
[WhiteElo "1868"]
[BlackElo "2167"]
[Result "1-0"]
[Round "10"]
[TimeControl "180+2"]
[Date "2023.06.20"]
[WhiteClock "0:00:09"]
[BlackClock "0:00:00"]
[Board "72"]

1. e4 b6 2. d4 Bb7 3. Nc3 e6 4. Be3 Bb4 5. f3 Bxc3+ 6. bxc3 d5 7. e5 Ne7 8. Bd3 Qc8 9. Nh3 Ba6 10. O-O Bxd3 11. cxd3 Qa6 12. Bg5 Nbc6 13. Kh1 h6 14. Bxe7 Nxe7 15. Nf2 h5 16. Qd2 Nf5 17. a4 Qa5 18. Qb2 c6 19. Rfe1 Rh6 20. Nh3 Kd7 21. Ng5 Rf8 22. Qa3 Ke8 23. Qb2 h4 24. Nh3 Rg8 25. f4 Rg6 26. c4 Rg4 27. Rac1 Rh8 28. c5 Kd7 29. Qf2 Rh6 30. Ng5 Rxg5 31. fxg5 Rg6 32. Qf4 Kc7 33. cxb6+ axb6 34. Ra1 Kb7 35. Reb1 Ka6 36. Rb3 h3 37. Rab1 1-0


[Site "https://www.chess.com"]

[Event "Titled Tuesday Blitz June 20 Late 2023"]
[White "Bueno, Alfeu Junior Varela"]
[Black "whiteglovethief"]
[WhiteFideId "2108879"]
[WhiteElo "2175"]
[BlackElo "2504"]
[Result "0-1"]
[Round "10"]
[TimeControl "180+2"]
[Date "2023.06.20"]
[WhiteClock "0:00:00"]
[BlackClock "0:00:35"]
[Board "73"]

1. e4 e6 2. d4 d5 3. Nd2 c5 4. exd5 exd5 5. Bb5+ Nc6 6. Ngf3 Bd6 7. O-O Ne7 8. dxc5 Bxc5 9. Nb3 Bd6 10. c4 O-O 11. Bg5 dxc4 12. Bxc4 Bg4 13. h3 Bh5 14. Rc1 h6 15. Bh4 Qc7 16. Nbd4 Bxf3 17. Nxf3 Ng6 18. Qc2 Nxh4 19. Nxh4 Ne5 20. Bd5 Qe7 21. Nf5 Qf6 22. Rfd1 Rad8 23. Bxb7 g6 24. Nxd6 Rxd6 25. Rxd6 Qxd6 26. Rd1 Qf6 27. Qa4 Qb6 28. Bd5 Qxb2 29. Qxa7 Rd8 30. Bxf7+ Nxf7 31. Rxd8+ Nxd8 32. Qd7 Nf7 33. a4 Qa1+ 34. Kh2 Qe5+ 35. g3 Qa5 36. Qc6 Kg7 37. Kg2 Qe5 38. h4 Nd6 39. Qc7+ Kf6 40. a5 Qe4+ 41. Kh2 Qd4 42. Kg2 Ne4 43. Qf4+ Ke6 44. Qxh6 Qxf2+ 0-1


[Site "https://www.chess.com"]

[Event "Titled Tuesday Blitz June 20 Late 2023"]
[White "Zaitsev, Alexander"]
[Black "Bogaudinov, Rushan"]
[WhiteFideId "4164490"]
[BlackFideId "4129288"]
[WhiteElo "2373"]
[BlackElo "1967"]
[Result "1/2-1/2"]
[Round "10"]
[TimeControl "180+2"]
[Date "2023.06.20"]
[WhiteClock "0:00:07"]
[BlackClock "0:00:10"]
[Board "74"]

1. e4 a6 2. d4 e6 3. Bd3 d5 4. Ne2 dxe4 5. Bxe4 Nf6 6. Bf3 c5 7. Be3 Nd5 8. Bc1 c4 9. O-O Be7 10. b3 b5 11. a4 Bb7 12. axb5 axb5 13. Rxa8 Bxa8 14. bxc4 bxc4 15. Na3 Qc8 16. c3 Nd7 17. Bxd5 Bxd5 18. Nf4 O-O 19. Nxd5 exd5 20. Re1 Re8 21. Nc2 Nf6 22. Bg5 Ne4 23. Bxe7 Rxe7 24. Qf3 Re8 25. h4 h6 26. Nb4 Qa8 27. g3 Re6 28. Qg4 Rf6 29. Nxd5 Qxd5 30. Qxe4 Qxe4 31. Rxe4 Rf3 32. Re8+ Kh7 33. Rc8 Rxc3 34. h5 g6 35. Rc7 Kg7 36. hxg6 Kxg6 37. Kf1 Rc2 38. Kg2 f5 39. Kf3 Kg5 40. Rc5 Rc3+ 41. Ke2 h5 42. d5 Rd3 43. Rxc4 Rxd5 44. Kf3 Rd3+ 45. Ke2 Ra3 46. Rc5 Ra4 47. Kf3 Ra3+ 48. Kg2 Ra4 49. Rd5 Rb4 50. Rd8 Ra4 51. Rg8+ Kf6 52. Kh3 Ra2 53. f4 Ra7 54. Kh4 Ra1 55. Kh3 Rh1+ 56. Kg2 Ra1 57. Rg5 h4 58. gxh4 Ra4 59. Kg3 Ra3+ 60. Kf2 Ra2+ 61. Ke3 Ra3+ 62. Kd4 Ra4+ 63. Ke3 Ra3+ 64. Kf2 Ra2+ 65. Kg3 Ra3+ 66. Kg2 Ra2+ 67. Kh3 Ra4 68. Kg3 Ra3+ 1/2-1/2


[Site "https://www.chess.com"]

[Event "Titled Tuesday Blitz June 20 Late 2023"]
[White "Hoffmann, Asa"]
[Black "Ansh M Shah"]
[WhiteFideId "2001470"]
[BlackFideId "25033379"]
[WhiteElo "2117"]
[BlackElo "2084"]
[Result "0-1"]
[Round "10"]
[TimeControl "180+2"]
[Date "2023.06.20"]
[WhiteClock "0:00:26"]
[BlackClock "0:00:17"]
[Board "75"]

1. d4 c6 2. Bg5 d5 3. Nc3 h6 4. Bh4 g5 5. Bg3 Nf6 6. f3 Bg7 7. e4 dxe4 8. fxe4 Bg4 9. Be2 Bxe2 10. Ngxe2 Na6 11. O-O O-O 12. Qd2 Qb6 13. Rab1 Rad8 14. Rfd1 Rfe8 15. Bf2 Qc7 16. h3 Qc8 17. a3 Nc7 18. Qe3 Ne6 19. d5 cxd5 20. exd5 Nc7 21. Qxa7 Ncxd5 22. Qc5 Qxc5 23. Bxc5 e6 24. Bd4 Rc8 25. Nxd5 Nxd5 26. Bxg7 Kxg7 27. c3 Rc4 28. Kf2 Re7 29. Rd4 Rec7 30. Rbd1 Kf6 31. Ng3 Nf4 32. Kf3 Ng6 33. Ne4+ Ke7 34. Kf2 Nf4 35. Kf3 f5 36. Nf2 Kf6 37. Rd8 Ng6 38. Nd3 Nh4+ 39. Kf2 Re4 40. Re1 Rxe1 41. Nxe1 Rc6 42. Rd7 Rb6 43. b4 Ng6 44. Nd3 Rc6 45. Nc5 b6 46. Na4 Ne5 47. Rb7 Nc4 48. Ke2 Rd6 49. g3 Ke5 50. Rh7 Nxa3 51. Rxh6 Nc4 52. h4 Rd2+ 53. Ke1 gxh4 54. gxh4 Rh2 55. Rh8 Kf4 56. h5 e5 57. h6 Ke3 58. Kf1 Nd2+ 59. Kg1 Nf3+ 60. Kf1 Rf2# 0-1


[Site "https://www.chess.com"]

[Event "Titled Tuesday Blitz June 20 Late 2023"]
[White "Castella Garcia, Fausto"]
[Black "Rios Escobar, Adan"]
[WhiteFideId "3501922"]
[BlackFideId "3403645"]
[WhiteElo "2245"]
[BlackElo "2463"]
[Result "1-0"]
[Round "10"]
[TimeControl "180+2"]
[Date "2023.06.20"]
[WhiteClock "0:00:04"]
[BlackClock "0:00:01"]
[Board "76"]

1. e4 c5 2. Nf3 d6 3. d4 cxd4 4. Nxd4 Nf6 5. Nc3 a6 6. Bg5 Nbd7 7. Qe2 g6 8. O-O-O Bg7 9. f4 O-O 10. e5 dxe5 11. fxe5 Qa5 12. Nf3 Ng4 13. Bxe7 Re8 14. Bd6 Ndxe5 15. Rd5 b5 16. Nxe5 Nxe5 17. Bxe5 Bb7 18. Rc5 Qb6 19. b4 f6 20. Bc7 Qxc5 21. bxc5 Rxe2 22. Bxe2 f5 23. Kd2 Bxg2 24. Rg1 Bc6 25. a4 b4 26. Bc4+ Kh8 27. Nd5 Ra7 28. Bd6 Bxa4 29. Nxb4 a5 30. Nd3 Bc6 31. Ne5 Be8 32. Rb1 Ra8 33. Rb7 Rd8 34. Kc1 h6 35. Nf7+ Bxf7 36. Rxf7 a4 37. h4 a3 38. h5 gxh5 39. Rxf5 Ra8 40. Ba2 Bb2+ 41. Kd2 Rb8 42. Rxh5 Re8 43. Rxh6+ Kg7 44. Re6 Rd8 45. c3 Ba1 46. Kc2 Bb2 47. Be5+ Kh7 48. c6 Rc8 49. c7 Ba1 50. Re7+ Kg6 51. Be6 Bxc3 52. Kxc3 Ra8 53. Ba2 Rc8 54. Rd7 Re8 55. Rd8 Rxe5 56. c8=Q Re7 57. Rg8+ Kh7 58. Qf8 Re3+ 59. Kd4 Re4+ 60. Kd5 Re5+ 61. Kd6 Rd5+ 62. Ke7 Re5+ 63. Kf6 Rf5+ 64. Ke6 Re5+ 65. Kd6 Rd5+ 66. Kc6 Rc5+ 67. Qxc5 Kh6 68. Qg5+ Kh7 69. Qg7# 1-0


[Site "https://www.chess.com"]

[Event "Titled Tuesday Blitz June 20 Late 2023"]
[White "Krishnakumar, Sriram"]
[Black "Gerbelli Neto, Eduardo"]
[WhiteFideId "30915856"]
[BlackFideId "2103281"]
[WhiteElo "2456"]
[BlackElo "2178"]
[Result "1-0"]
[Round "10"]
[TimeControl "180+2"]
[Date "2023.06.20"]
[WhiteClock "0:00:33"]
[BlackClock "0:00:07"]
[Board "77"]

1. e4 e5 2. Nf3 Nc6 3. Bc4 Nf6 4. d3 Bc5 5. O-O d6 6. h3 O-O 7. c3 a5 8. a4 Be6 9. Nbd2 h6 10. Bb3 Qd7 11. Bc2 d5 12. Re1 Rad8 13. Qe2 d4 14. Nf1 Rfe8 15. Ng3 Bf8 16. Nh4 g6 17. Bd2 Bg7 18. Rad1 b6 19. Bc1 Qe7 20. Nf3 Nh7 21. Nh2 f5 22. exf5 gxf5 23. Nh5 Bh8 24. Nf3 Ng5 25. Nxg5 hxg5 26. Qf3 Qf7 27. Bxg5 Bd5 28. Qg3 Qxh5 29. Bxd8+ Kf8 30. Bxc7 Kf7 31. c4 Bxg2 32. Kxg2 Rg8 33. c5 Rxg3+ 34. fxg3 bxc5 35. Bb3+ Kf6 36. Bd5 Ne7 37. Bxe5+ Kg6 38. Bf3 Qh7 39. Bxh8 Qxh8 40. Rxe7 Qb8 41. Rde1 Qxb2+ 42. R1e2 1-0


[Site "https://www.chess.com"]

[Event "Titled Tuesday Blitz June 20 Late 2023"]
[White "Balla, Tamas-Kristof"]
[Black "Shapiro, Daniel"]
[WhiteFideId "1208497"]
[BlackFideId "2001780"]
[WhiteElo "2334"]
[BlackElo "2328"]
[Result "1-0"]
[Round "10"]
[TimeControl "180+2"]
[Date "2023.06.20"]
[WhiteClock "0:01:08"]
[BlackClock "0:00:00"]
[Board "78"]

1. e4 c5 2. Nf3 e6 3. c3 d5 4. exd5 exd5 5. d4 Bd6 6. dxc5 Bxc5 7. Bd3 Nf6 8. O-O O-O 9. Bg5 Nc6 10. Nbd2 Bg4 11. h3 Bh5 12. Qa4 a6 13. Qh4 Bg6 14. Bxg6 fxg6 15. Nb3 Be7 16. Nbd4 Qd7 17. Rfe1 h6 18. Bxh6 gxh6 19. Qxh6 Rf7 20. Nxc6 bxc6 21. Ne5 Qd6 22. Nxg6 Rh7 23. Qg5 Rh5 24. Nxe7+ Kf7 25. Qg6+ Kf8 26. Nf5 1-0


[Site "https://www.chess.com"]

[Event "Titled Tuesday Blitz June 20 Late 2023"]
[White "Kielinkei"]
[Black "Cluke86"]
[WhiteElo "2448"]
[BlackElo "2274"]
[Result "1-0"]
[Round "10"]
[TimeControl "180+2"]
[Date "2023.06.20"]
[WhiteClock "0:00:44"]
[BlackClock "0:00:50"]
[Board "79"]

1. e4 d6 2. d4 Nf6 3. Nc3 e5 4. dxe5 dxe5 5. Qxd8+ Kxd8 6. Bg5 Nd7 7. O-O-O c6 8. Bc4 Ke8 9. a4 Bb4 10. Nge2 Nb6 11. Bb3 a5 12. f4 h6 13. fxe5 hxg5 14. exf6 gxf6 15. Rdf1 Ke7 16. Ng3 Bxc3 17. bxc3 Be6 18. Nf5+ Bxf5 19. Rxf5 Nd7 20. h3 Rh4 21. Re1 Re8 22. Rxa5 Kd6 23. Bxf7 Rexe4 24. Rxe4 Rxe4 25. Bh5 Nc5 26. Ra8 Rxa4 27. Rf8 Ke7 28. Re8+ Kd6 29. Re3 Re4 30. Rf3 Ke5 31. Bg6 f5 32. Rxf5+ Kd6 33. Rxc5 1-0


[Site "https://www.chess.com"]

[Event "Titled Tuesday Blitz June 20 Late 2023"]
[White "Rodriguez Polo, Mateo"]
[Black "Seletsky, Grigory"]
[WhiteFideId "24509396"]
[BlackFideId "14112191"]
[WhiteElo "2117"]
[BlackElo "2491"]
[Result "0-1"]
[Round "10"]
[TimeControl "180+2"]
[Date "2023.06.20"]
[WhiteClock "0:00:00"]
[BlackClock "0:00:45"]
[Board "80"]

1. e4 c6 2. d4 d5 3. exd5 cxd5 4. c4 Nf6 5. Nc3 e6 6. Nf3 Nc6 7. Bg5 Be7 8. c5 Ne4 9. Bxe7 Qxe7 10. Bb5 Nxc3 11. bxc3 Bd7 12. O-O O-O 13. Rb1 Rac8 14. Re1 b6 15. cxb6 axb6 16. Bd3 Rb8 17. Re2 Rfc8 18. Reb2 Qd8 19. Ba6 Rc7 20. Qd2 Ra7 21. Bd3 Na5 22. Ne5 Be8 23. Bb5 Bxb5 24. Rxb5 f6 25. Nd3 Nc4 26. Qe2 Qe8 27. R5b3 Rba8 28. Nb4 Qd7 29. Re1 Re8 30. g3 e5 31. dxe5 fxe5 32. Qd1 Rd8 33. Rb1 Ra5 34. Qf3 e4 35. Qd1 Ne5 36. Re3 Qh3 37. Qe1 Ng4 0-1


[Site "https://www.chess.com"]

[Event "Titled Tuesday Blitz June 20 Late 2023"]
[White "Kostiukov, Alexandr"]
[Black "Jonkman, Harmen"]
[WhiteFideId "14108100"]
[BlackFideId "1002708"]
[WhiteElo "2202"]
[BlackElo "2368"]
[Result "1-0"]
[Round "10"]
[TimeControl "180+2"]
[Date "2023.06.20"]
[WhiteClock "0:00:31"]
[BlackClock "0:01:07"]
[Board "81"]

1. g3 d5 2. Bg2 c6 3. d3 h5 4. Nf3 Nd7 5. e4 dxe4 6. dxe4 e5 7. O-O h4 8. Nxh4 Rxh4 9. gxh4 Qxh4 10. Qf3 Ndf6 11. Qg3 Qh5 12. Bf3 Qh7 13. Qxe5+ Be6 14. Bf4 Rd8 15. Rd1 Nd7 16. Qc7 Ngf6 17. Nc3 Bc5 18. Qxb7 Ng4 19. Bg3 Nxh2 20. Bxh2 Bxf2+ 21. Kh1 Bg3 22. Rd2 Bf4 23. Rad1 Bxd2 24. Rxd2 Rb8 25. Qxc6 Rxb2 26. Kg1 Qh3 27. Qc8+ Ke7 28. Bd6+ Kf6 29. Qd8+ Kg6 30. Rg2+ Kh7 31. Rh2 Qxh2+ 32. Kxh2 Rxc2+ 33. Ne2 Nf6 34. e5 Ne4 35. Bxe4+ 1-0


[Site "https://www.chess.com"]

[Event "Titled Tuesday Blitz June 20 Late 2023"]
[White "Herrera, Juan Sebastian"]
[Black "Gardezi, Arsal"]
[WhiteFideId "4403266"]
[BlackFideId "30949521"]
[WhiteElo "2255"]
[BlackElo "1906"]
[Result "1-0"]
[Round "10"]
[TimeControl "180+2"]
[Date "2023.06.20"]
[WhiteClock "0:02:27"]
[BlackClock "0:01:20"]
[Board "82"]

1. Nf3 d5 2. g3 c5 3. Bg2 Nc6 4. d4 cxd4 5. Nxd4 e5 6. Nxc6 bxc6 7. c4 Nf6 8. O-O Be7 9. Nc3 Be6 10. Bg5 e4 11. cxd5 cxd5 12. Qa4+ Kf8 13. Rad1 h6 14. Bxf6 Bxf6 15. Nxe4 Be5 16. Nc5 Qe7 17. Bxd5 Qxc5 18. Bxa8 Ke7 19. Bg2 Rb8 20. Rc1 Qb6 21. Rc6 Qxb2 22. Qxa7+ Rb7 23. Qc5+ Kf6 24. Rxe6+ fxe6 25. Bxb7 Qxb7 26. Qe3 Qb2 27. a4 Bd4 28. Qf3+ Ke7 29. e3 Be5 30. Qe4 Bf6 31. a5 Qb5 32. Qa8 Bc3 33. a6 1-0


[Site "https://www.chess.com"]

[Event "Titled Tuesday Blitz June 20 Late 2023"]
[White "Hambleton, Aman"]
[Black "Melikhov, Evgeny V."]
[WhiteFideId "2606577"]
[BlackFideId "4122046"]
[WhiteElo "2511"]
[BlackElo "2158"]
[Result "1/2-1/2"]
[Round "10"]
[TimeControl "180+2"]
[Date "2023.06.20"]
[WhiteClock "0:00:08"]
[BlackClock "0:00:14"]
[Board "83"]

1. e4 e5 2. Nf3 Nc6 3. Bc4 Nf6 4. d3 Be7 5. O-O O-O 6. Nc3 d6 7. h3 Be6 8. Re1 Qd7 9. Bg5 Na5 10. b3 Nxc4 11. dxc4 c6 12. Qd3 Rfe8 13. Nd2 Nh5 14. Bxe7 Qxe7 15. Kh2 Nf4 16. Qg3 Rad8 17. Nf1 d5 18. exd5 cxd5 19. cxd5 Bxd5 20. Nxd5 Rxd5 21. Ne3 Rd2 22. Nf5 Qf6 23. Qxf4 Rxc2 24. Qf3 h6 25. Re4 Kh7 26. Rae1 g6 27. Nd4 Qxf3 28. Nxf3 Rxf2 29. Rxe5 Rxe5 30. Rxe5 Rxa2 31. Re7 Kg8 32. Rxb7 a5 33. Rb5 a4 34. bxa4 Rxa4 35. Rb7 Re4 36. Kg3 Kg7 37. Kf2 g5 38. g4 Kg6 39. Rb6+ f6 40. Nd2 Rf4+ 41. Kg3 h5 42. Nf1 Rxf1 43. Kg2 Rf4 44. Kg3 h4+ 45. Kg2 Rc4 46. Rb2 Rc3 47. Rd2 Rg3+ 48. Kh2 Kf7 49. Re2 Rf3 50. Kg2 Rf4 51. Re3 Ra4 52. Re2 Ra3 53. Kh2 Ra5 54. Kg2 f5 55. gxf5 Rxf5 56. Rb2 Kf6 57. Rb6+ Kg7 58. Rb7+ Kg6 59. Rb6+ Rf6 60. Rxf6+ Kxf6 61. Kf3 Kf5 62. Ke3 Ke5 63. Kf3 Kf5 64. Ke3 Ke5 65. Kf3 Kf5 1/2-1/2


[Site "https://www.chess.com"]

[Event "Titled Tuesday Blitz June 20 Late 2023"]
[White "Ozalp, Burak"]
[Black "Hajiyev, Kanan"]
[WhiteFideId "6314210"]
[BlackFideId "13404148"]
[WhiteElo "2106"]
[BlackElo "2115"]
[Result "1/2-1/2"]
[Round "10"]
[TimeControl "180+2"]
[Date "2023.06.20"]
[WhiteClock "0:00:04"]
[BlackClock "0:00:04"]
[Board "84"]

1. Nf3 d5 2. g3 c6 3. Bg2 Nf6 4. O-O g6 5. d3 Bg7 6. Nbd2 O-O 7. e4 dxe4 8. dxe4 a5 9. c3 Qc7 10. Qc2 Na6 11. Nc4 Nd7 12. Rd1 b5 13. Bf4 e5 14. Rxd7 Bxd7 15. Ncxe5 g5 16. Nxd7 gxf4 17. Nxf8 Rxf8 18. Rd1 Nc5 19. e5 h6 20. Qf5 fxg3 21. hxg3 Re8 22. Re1 a4 23. a3 Qc8 24. Qxc8 Rxc8 25. Nd4 Nd3 26. Re2 Nxe5 27. f4 Nc4 28. Nxc6 Bf6 29. Bd5 Nb6 30. Bf3 Rc7 31. Re8+ Kg7 32. Rb8 Nc4 33. Rxb5 Nd2 34. Bg2 h5 35. Rxh5 Rb7 36. Nb4 Nc4 37. g4 Re7 38. g5 Re1+ 39. Kf2 Bxc3 40. bxc3 Rc1 41. Be4 Rxc3 42. Rh7+ Kg8 43. Nd5 Rxa3 44. Nf6+ Kf8 45. Rh8+ Ke7 46. Re8+ Kd6 47. Bf5 Ra2+ 48. Kg3 Ra3+ 49. Kh4 Ne3 50. Bg4 Ng2+ 51. Kh5 Nxf4+ 52. Kh6 Rg3 53. Kg7 Kc6 54. Kxf7 a3 55. Ra8 Kb7 56. Ra4 Nd3 57. g6 Nc5 58. Rxa3 Rxa3 59. g7 Ra8 60. Ne8 Ne4 61. g8=Q Rxe8 62. Qxe8 Nd6+ 63. Ke7 Nxe8 1/2-1/2


[Site "https://www.chess.com"]

[Event "Titled Tuesday Blitz June 20 Late 2023"]
[White "Prieto Aranguren, Alain"]
[Black "Bruedigam, Martin"]
[WhiteFideId "2268906"]
[BlackFideId "24608033"]
[WhiteElo "2209"]
[BlackElo "2331"]
[Result "0-1"]
[Round "10"]
[TimeControl "180+2"]
[Date "2023.06.20"]
[WhiteClock "0:00:29"]
[BlackClock "0:01:18"]
[Board "85"]

1. e4 e6 2. d4 d5 3. exd5 exd5 4. Bd3 Bd6 5. Nf3 h6 6. O-O Qf6 7. Re1+ Ne7 8. c3 O-O 9. Nbd2 c6 10. Qc2 Bf5 11. Ne5 Bxd3 12. Qxd3 Bxe5 13. Rxe5 Nd7 14. Re1 Ng6 15. Nf3 Rfe8 16. Bd2 Nb6 17. Rxe8+ Rxe8 18. Re1 Rxe1+ 19. Bxe1 Qe6 20. Qf1 Nc4 21. b3 Nd6 22. Bd2 Qe4 23. Qe1 Qc2 24. Ne5 Ne4 25. Nxg6 fxg6 26. Bf4 Qxc3 27. Qd1 Qb2 28. f3 Nc3 29. Qd2 Qxd2 30. Bxd2 Ne2+ 31. Kf2 Nxd4 32. Be3 c5 33. b4 b6 34. a4 Ne6 35. a5 Kf7 36. axb6 axb6 37. Ke2 Ke7 38. Kd3 Kd7 39. bxc5 bxc5 40. Bc1 c4+ 41. Kc3 Kd6 42. Ba3+ Kc6 43. Be7 Kb5 44. Bd6 d4+ 45. Kc2 Kc6 46. Be5 Kd5 47. Bg3 h5 48. Kd2 g5 49. Ke2 g4 50. fxg4 hxg4 51. Kd2 Ke4 52. Ke2 c3 53. Kd1 d3 54. Be1 Kd4 55. Kc1 Kc4 56. Kd1 Nc5 57. Bh4 c2+ 0-1


[Site "https://www.chess.com"]

[Event "Titled Tuesday Blitz June 20 Late 2023"]
[White "Mikhalsky, Vladimir"]
[Black "Szyszylo, Rafal"]
[WhiteFideId "14144352"]
[BlackFideId "1109626"]
[WhiteElo "2236"]
[BlackElo "1951"]
[Result "1-0"]
[Round "10"]
[TimeControl "180+2"]
[Date "2023.06.20"]
[WhiteClock "0:00:27"]
[BlackClock "0:00:12"]
[Board "87"]

1. e4 d6 2. d4 g6 3. Nc3 Nf6 4. f4 Bg7 5. Nf3 O-O 6. e5 Nfd7 7. h4 c5 8. h5 cxd4 9. Qxd4 dxe5 10. Qf2 e4 11. Ng5 Nf6 12. hxg6 hxg6 13. Bc4 Bg4 14. Be3 Nc6 15. Qh4 Bh5 16. Ncxe4 Ng4 17. Bd2 Qd4 18. Bb3 Qxb2 19. O-O Nd4 20. Bxf7+ Rxf7 21. Nxf7 Ne2+ 22. Kh1 Kxf7 23. f5 Be5 24. fxg6+ Kxg6 25. Qg5+ Kh7 26. Qxh5+ Kg8 27. Qxg4+ Bg7 28. Qxe2 1-0


[Site "https://www.chess.com"]

[Event "Titled Tuesday Blitz June 20 Late 2023"]
[White "Nunez V, Gustavo Eduardo"]
[Black "Vila Dupla, Aurelio"]
[WhiteFideId "4403690"]
[BlackFideId "2203383"]
[WhiteElo "2168"]
[BlackElo "2009"]
[Result "1-0"]
[Round "10"]
[TimeControl "180+2"]
[Date "2023.06.20"]
[WhiteClock "0:00:43"]
[BlackClock "0:00:00"]
[Board "88"]

1. e4 c5 2. Nc3 d6 3. g3 Nc6 4. Bg2 g6 5. d3 Rb8 6. a4 a6 7. Nge2 Bg7 8. Be3 b5 9. axb5 axb5 10. Qd2 b4 11. Nd1 Qb6 12. f4 Nf6 13. h3 O-O 14. O-O Nd4 15. Kh2 Bd7 16. f5 Ra8 17. Rxa8 Rxa8 18. Nxd4 cxd4 19. Bh6 Ra1 20. Bxg7 Kxg7 21. g4 Qc5 22. fxg6 Qe5+ 23. Kg1 hxg6 24. b3 Ra2 25. Nf2 Be6 26. Qxb4 Rxc2 27. Qb7 g5 28. b4 Rb2 29. Nh1 Ba2 30. Rf5 Rb1+ 31. Bf1 Qe6 32. Rxg5+ Kh6 33. Rf5 Nxg4 34. hxg4 Qg6 35. Nf2 Be6 36. Rh5+ Kg7 37. Qxe7 1-0


[Site "https://www.chess.com"]

[Event "Titled Tuesday Blitz June 20 Late 2023"]
[White "Slavin, Alexey"]
[Black "Quirke, Jeffrey"]
[WhiteFideId "24104388"]
[BlackFideId "2013029"]
[WhiteElo "2264"]
[BlackElo "2227"]
[Result "1-0"]
[Round "10"]
[TimeControl "180+2"]
[Date "2023.06.20"]
[WhiteClock "0:00:12"]
[BlackClock "0:00:09"]
[Board "89"]

1. e4 e5 2. Nf3 Nf6 3. d4 Nxe4 4. Bd3 d5 5. Nxe5 Bd6 6. O-O O-O 7. Re1 Nf6 8. Bg5 h6 9. Bh4 Be7 10. Nd2 c6 11. Ndf3 Ne4 12. Bxe7 Qxe7 13. Nd2 Nxd2 14. Qxd2 Qf6 15. Re3 Nd7 16. Rf3 Qd6 17. Re1 Nxe5 18. Rxe5 f6 19. Re1 Bg4 20. Rg3 Qd7 21. h3 Bf5 22. Bxf5 Qxf5 23. Qxh6 Qh7 24. Qd2 Rfe8 25. Rge3 Qg6 26. Rxe8+ Rxe8 27. Rxe8+ Qxe8 28. Qe3 Qd7 29. c3 Kf7 30. Kh2 Qd6+ 31. g3 b5 32. Kg2 a5 33. Qf3 a4 34. a3 Qe6 35. Qh5+ Kf8 36. Qg6 Qe2 37. Qb1 Qd2 38. h4 Kf7 39. h5 Qe2 40. Qg6+ Kf8 41. h6 Qe4+ 42. Qxe4 dxe4 43. hxg7+ Kxg7 44. Kf1 f5 45. Ke2 Kf6 46. Ke3 Ke6 47. f3 Kd5 48. fxe4+ fxe4 49. g4 Kc4 50. g5 Kb3 51. g6 Kxb2 52. g7 Kxa3 53. g8=Q Kb2 54. Kxe4 a3 55. Qg2+ Kb1 56. Qf1+ Kb2 57. Qe2+ Kb1 58. Qd1+ Kb2 59. Qd2+ Kb1 60. Kd3 a2 61. Qc2+ Ka1 62. Qb3 c5 63. Kc2 c4 64. Qb2# 1-0


[Site "https://www.chess.com"]

[Event "Titled Tuesday Blitz June 20 Late 2023"]
[White "KSho99"]
[Black "Arnold, Ken"]
[BlackFideId "2056836"]
[WhiteElo "2216"]
[BlackElo "2398"]
[Result "1-0"]
[Round "10"]
[TimeControl "180+2"]
[Date "2023.06.20"]
[WhiteClock "0:00:50"]
[BlackClock "0:01:52"]
[Board "90"]

1. d4 d5 2. Nc3 Nf6 3. Bf4 c6 4. e3 Bf5 5. f3 e6 6. g4 Bg6 7. h4 h5 8. g5 Nfd7 9. Qd2 Qa5 10. Nge2 b5 11. Nc1 b4 12. N3e2 c5 13. Nb3 Qb6 14. dxc5 Nxc5 15. Be5 Nxb3 16. axb3 Nc6 17. Bd4 Nxd4 18. Nxd4 Bc5 19. Bb5+ Ke7 20. Ra6 Bxd4 21. Rxb6 Bxb6 22. Qxb4+ Kd8 23. Qd6+ Kc8 24. Qc6+ Bc7 25. Qxa8+ 1-0


[Site "https://www.chess.com"]

[Event "Titled Tuesday Blitz June 20 Late 2023"]
[White "zano2023"]
[Black "Ward, Ieuan C"]
[BlackFideId "406627"]
[WhiteElo "2210"]
[BlackElo "2274"]
[Result "1-0"]
[Round "10"]
[TimeControl "180+2"]
[Date "2023.06.20"]
[WhiteClock "0:01:00"]
[BlackClock "0:00:36"]
[Board "91"]

1. d4 Nf6 2. Nd2 d5 3. Ngf3 e6 4. e3 c5 5. c3 Nc6 6. Bd3 Bd6 7. O-O O-O 8. dxc5 Bxc5 9. e4 dxe4 10. Nxe4 Nxe4 11. Bxe4 Qxd1 12. Rxd1 h6 13. b4 Bb6 14. a4 a5 15. b5 Ne7 16. Ba3 Re8 17. c4 f5 18. Bc2 Bc7 19. Bb2 Ng6 20. c5 b6 21. c6 e5 22. Bb3+ Kh7 23. Re1 Be6 24. Bc2 e4 25. Nd4 Rad8 26. Nxe6 Rxe6 27. Rad1 Ne5 28. Rxd8 Bxd8 29. Bb3 Re7 30. Bxe5 Rxe5 31. Rd1 Rc5 32. Rxd8 1-0


[Site "https://www.chess.com"]

[Event "Titled Tuesday Blitz June 20 Late 2023"]
[White "Romero Ruscalleda, Josep"]
[Black "Perez, Maximiliano"]
[WhiteFideId "2231859"]
[BlackFideId "117234"]
[WhiteElo "2183"]
[BlackElo "2334"]
[Result "1-0"]
[Round "10"]
[TimeControl "180+2"]
[Date "2023.06.20"]
[WhiteClock "0:00:35"]
[BlackClock "0:01:44"]
[Board "92"]

1. e4 a6 2. d4 Ra7 3. Bd3 b6 4. Nf3 d6 5. O-O g6 6. Qe2 Bg7 7. e5 c5 8. c3 Bg4 9. Re1 dxe5 10. dxe5 Nh6 11. h3 Bf5 12. Rd1 Bxd3 13. Rxd3 Qc8 14. Nbd2 Nc6 15. Ne4 O-O 16. Bf4 Kh8 17. Rad1 f6 18. exf6 exf6 19. Nd6 Qa8 20. Qe3 Re7 21. Qd2 Nf7 22. Nc4 b5 23. Ne3 g5 24. Bg3 Nfe5 25. Nxe5 Nxe5 26. Rd8 Qc6 27. Nf5 Ree8 28. Rxe8 Rxe8 29. Kh2 Qe4 30. Nd6 Qg6 31. Nxe8 Qxe8 32. Qd8 Qf8 33. Qxf8+ Bxf8 34. Bxe5 fxe5 35. Rd8 Kg7 36. Ra8 b4 37. Rxa6 bxc3 38. bxc3 Kf7 39. Rb6 Bg7 40. a4 e4 41. c4 Bd4 42. a5 Bxf2 43. a6 e3 44. a7 e2 45. Rb1 1-0


[Site "https://www.chess.com"]